 Dungeon Crawl Stone Soup version 0.31.0-12-g77e489cdc1 (webtiles) character file.

Game seed: 16457287019915354928

422 hawla the Ducker (level 6, -9/32 HPs)
             Began as a Deep Elf Fire Elementalist on Feb 19, 2024.
             Was an Initiate of Vehumet.
             Killed by miscasting Flame Wave (22 damage)
             ... on level 5 of the Dungeon.
             The game lasted 00:09:55 (3745 turns).

hawla the Ducker (Deep Elf Fire Elementalist)       Turns: 3745, Time: 00:09:56

Health: -9/32      AC:  4    Str:  5    XL:     6   Next: 63%
Magic:  13/21      EV: 16    Int: 22    God:    Vehumet [......]
Gold:   223        SH:  8    Dex: 21    Spells: 4/11 levels left

rFire   . . .        (no weapon)
rCold   . . .        f - +2 buckler {reflect}
rNeg    . . .        a - +1 robe
rPois   .            (no helmet)
rElec   .            n - +0 cloak
rCorr   .            (no gloves)
SInv    .            (no boots)
Will    .....        (no amulet)
Stlth   ++           p - ring of magical power
HPRegen 0.25/turn    l - +6 ring of dexterity
MPRegen 0.17/turn

%: reflection
@: very slightly contaminated
A: no striking features
a: Renounce Religion


You were on level 5 of the Dungeon.
You worshipped Vehumet.
Vehumet was noncommittal.
You visited 2 branches of the dungeon, and saw 6 of its levels.

You collected 223 gold pieces.

Inventory:

Armour
 a - a +1 robe (worn)
 f - a +2 buckler of reflection (worn)
 n - a +0 cloak (worn)
Jewellery
 l - a +6 ring of dexterity (right hand)
 p - a ring of magical power (left hand)
Wands
 m - a wand of paralysis (12)
Scrolls
 k - a scroll of blinking
 q - 2 scrolls of poison
 v - a scroll of revelation
Potions
 c - 2 potions of brilliance {unknown}
 d - a potion of mutation {unknown}
 e - a potion of attraction {unknown}
 g - 2 potions of curing {unknown}
 h - 3 potions of invisibility
 i - a potion of haste {unknown}
 j - 2 potions of enlightenment {unknown}
 s - a potion of cancellation {unknown}
 u - 2 potions of degeneration {unknown}


   Skills:
 + Level 0.0 Fighting
 - Level 7.0 Dodging
 - Level 2.4 Stealth
 + Level 3.3 Shields
 - Level 3.0 Spellcasting
 + Level 1.1 Conjurations
 + Level 3.2 Fire Magic


You had 4 spell levels left.
You knew the following spells:

 Your Spells              Type           Power      Damage    Failure   Level
a - Foxfire               Conj/Fire      48%        2x1d6     9%          1
b - Scorch                Fire           34%        2d6       9%          2
c - Flame Wave            Conj/Fire      12%        2d6       65%         4

Your spell library contained the following spells:

 Spells                   Type           Power      Damage    Failure   Level
 Sting                    Conj/Alch      20%        1d4       17%         1
 Apportation              Tloc           6%         N/A       22%         1
 Necrotise                Necr           12%        1d4       22%         1
 Summon Small Mammal      Summ           12%        N/A       22%         1
 Inner Flame              Hex/Fire       10%        N/A       32%         3
 Volatile Blastmotes      Fire/Tloc      20%        2d11      32%         3
 Irradiate                Conj/Alch      2%         3d12      99%         5
 Ignition                 Fire           8%         3d5       100%        8


Dungeon Overview and Level Annotations

Branches:
Dungeon (5/15)             Temple (1/1) D:4

Altars:
Ashenzari
Cheibriados
Elyvilon
Fedhas
Gozag
Hepliaklqana
Makhleb
Qazlal
Sif Muna
Uskayaw
Vehumet
Wu Jian
Xom
Yredelemnul
Zin
The Shining One


Message History

There is a stone staircase leading down here.
Casting: Foxfire (safe; 9% risk of failure)
Confirm with . or Enter, or press ? or * to list all spells.
Flames lash the adder.
The adder is almost dead.
The adder's fire resistance burns away.
The adder bites you. The adder closely misses you.
Casting: Scorch (safe; 9% risk of failure)
Confirm with . or Enter, or press ? or * to list all spells.
Flames lash the adder.
The adder is burned terribly!
You kill the adder!
Vehumet accepts your kill.
Okay, then.
You start resting.
HP restored.
You start resting.
Magic restored.
You climb downwards.
The orc misses you. The orc barely misses you. The orc closely misses you.
The orc hits you but does no damage.
There is a stone staircase leading up here.
Casting: Scorch (safe; 9% risk of failure)
Confirm with . or Enter, or press ? or * to list all spells.
Casting: Flame Wave (astonishingly dangerous; 65% risk of failure)
Press: ? - help, Dir - look around, f - activate You miscast Flame Wave.
You are very lightly contaminated with residual magic.
The air around you burns with energy!!
Ouch! That really hurt!
The orc shouts!
You block the orc's attack.
There's nothing to close nearby.
There are monsters nearby!
Unknown command.
Casting: Flame Wave (astonishingly dangerous; 65% risk of failure)
Confirm with . or Enter, or press ? or * to list all spells.
Casting: Flame Wave (astonishingly dangerous; 65% risk of failure)
Press: ? - help, Dir - look around, f - activate You miscast Flame Wave.
You are caught in a violent explosion!!
Ouch! That really hurt!
You die...

####### #
##.....#..
##........?
#..........
#oo@o......
...............
...............
...............
...............
..o..##?....#..
.#### ####### .


You could see an orc wizard and 3 orcs.

Vanquished Creatures
  A black bear (D:5)
  A scorpion (D:4)
  A bombardier beetle (D:5)
  3 jellies
  A sleepcap (D:4)
  A gnoll (D:1)
  8 adders
  A dart slug (D:4)
  2 ribbon worms
  An orc (D:4)
  5 ball pythons
  7 endoplasms
  3 giant cockroaches
  4 goblins
  7 hobgoblins
  6 quokkas
  6 bats
  6 frilled lizards
  7 kobolds
  4 rats
75 creatures vanquished.

Vanquished Creatures (others)
  226 foxfires
226 creatures vanquished.

Grand Total: 301 creatures vanquished

Notes
Turn   | Place    | Note
-------+----------+-------------------------------------------
     0 | D:1      | hawla the Deep Elf Fire Elementalist began the quest for
                  | the Orb.
     0 | D:1      | Reached XP level 1. HP: 10/10 MP: 6/6
    74 | D:1      | Reached skill level 3 in Dodging
   166 | D:1      | Reached XP level 2. HP: 13/15 MP: 2/8
   337 | D:1      | Reached skill level 4 in Dodging
   481 | D:1      | Reached XP level 3. HP: 19/19 MP: 7/9
   605 | D:1      | Learned a level 2 spell: Scorch
  1004 | D:2      | Reached skill level 5 in Dodging
  1300 | D:2      | Reached XP level 4. HP: 24/24 MP: 4/10
  2538 | D:4      | Identified a scroll of acquirement
  2539 | D:4      | Acquired a +0 buckler of reflection
  2550 | D:4      | Learned a level 4 spell: Flame Wave
  2627 | D:4      | Found a hide-covered altar of Uskayaw.
  2627 | D:4      | Found a burning altar of Makhleb.
  2767 | D:4      | Found a staircase to the Ecumenical Temple.
  2782 | Temple   | Entered the Ecumenical Temple
  2792 | Temple   | Became a worshipper of Vehumet
  2831 | D:4      | Reached skill level 6 in Dodging
  2831 | D:4      | Reached XP level 5. HP: 28/28 MP: 11/11
  3007 | D:4      | Reached skill level 1 in Shields
  3235 | D:4      | Reached XP level 6. HP: 31/32 MP: 7/12
  3453 | D:5      | Entered Level 5 of the Dungeon
  3552 | D:5      | Reached skill level 7 in Dodging
  3608 | D:5      | Noticed a steam dragon
  3745 | D:5      | Killed by miscasting Flame Wave

Illustrated notes

Levels and vault maps discovered:
D:1:      dpeg_arrival_connections, layout_rooms, minmay_box_of_dots
D:2:      layout_loops_cross, minmay_misc_feat_columns
D:3:      layout_loops_ring
D:4:      layout_basic, jmf_multi_god_temple, minmay_temple_entry_junction_2,
          hangedman_decor_lopped
D:5:      layout_rooms, uniq_crazy_yiuf_cottage
Temple:   nicolae_temple_two_arcs

Skill      XL: |  1  2  3  4  5  6 |
---------------+-------------------+-----
Dodging        | 3 4 5 6 7 |  7.0
Shields        | 2 3 |  3.3
Stealth        | |  2.4
Spellcasting   | |  3.0
Conjurations   | |  1.1
Fire Magic     | |  3.2

Action                     |  1- 3 |  4- 6 || total
---------------------------+-------+-------++-------
  Melee: Unarmed           |     1 |     2 ||     3
   Cast: Foxfire           |    58 |    69 ||   127
         Scorch            |     3 |    22 ||    25
    Use: Scroll            |     5 |     9 ||    14
         Potion            |       |     2 ||     2
 Armour: Robe              |     6 |    20 ||    26
  Dodge: Dodged            |    18 |    27 ||    45
  Block: Buckler           |       |    12 ||    12
